 Dungeon Crawl Stone Soup version 0.20.1-1-g8b1a95d (console) character file.

645 hilaritas the Magician (level 7, 0/32 HPs)
             Began as a Spriggan Venom Mage on Sept 23, 2017.
             Was an Initiate of Vehumet.
             Slain by a phantom (4 damage)
             ... on level 5 of the Dungeon.
             The game lasted 00:16:38 (6416 turns).

hilaritas the Magician (Spriggan Venom Mage)        Turns: 6416, Time: 00:16:39

Health: 0/32       AC:  2    Str:  6    XL:     7   Next: 27%
Magic:  17/17      EV: 18    Int: 22    God:    Vehumet [......]
Gold:   196        SH:  5    Dex: 16    Spells: 7/18 levels left

rFire    . . .     SeeInvis +   i - +0 dagger (speed)
rCold    . . .     Gourm    .   (shield restricted)
rNeg     . . .     Faith    .   a - +0 robe
rPois    +         Spirit   .   (helmet restricted)
rElec    .         Reflect  +   (no cloak)
rCorr    .         Harm     .   (gloves unavailable)
MR       +....                  (boots unavailable)
Stlth    +++.......             u - +5 amulet of reflection
Regen    0.1/turn               l - ring of poison resistance
MPRegen  0.2/turn               (no ring)

@: brilliant, hasted (expiring), very quick
A: unfitting armour, see invisible, herbivore 3, speed 3, slow metabolism 2
a: Renounce Religion


You were on level 5 of the Dungeon.
You worshipped Vehumet.
Vehumet was noncommittal.
You were not hungry.

You visited 2 branches of the dungeon, and saw 6 of its levels.

You collected 196 gold pieces.

Inventory:

Hand Weapons
 i - a +0 dagger of speed (weapon)
Armour
 a - a +0 robe (worn)
Jewellery
 l - a ring of poison resistance (left hand)
 u - a +5 amulet of reflection (around neck)
Wands
 n - a wand of confusion (41/48)
Scrolls
 e - 2 scrolls of identify
 g - 3 scrolls of recharging
 j - 5 scrolls of teleportation
 k - 5 scrolls of remove curse
Potions
 d - a potion of curing
 r - a potion of haste
 s - a potion of heal wounds {unknown}
Books
 b - a Young Poisoner's Handbook

   Spells                             Type                      Level
   a - Sting                          Conjuration/Poison           1
   b - Poisonous Vapours              Poison/Air                   2
   c - Mephitic Cloud                 Conjuration/Poison/Air       3
   d - Olgreb's Toxic Radiance        Poison                       4
   e - Venom Bolt                     Conjuration/Poison           5
Comestibles
 c - 5 bread rations
 v - 4 fruits
 w - a royal jelly


   Skills:
 * Level 0.8 Fighting
 - Level 1.0 Short Blades
 - Level 3.0 Dodging
 - Level 3.7 Stealth
 - Level 6.0 Spellcasting
 * Level 2.9 Conjurations
 * Level 1.5 Air Magic
 + Level 4.9 Poison Magic


You had 7 spell levels left.
You knew the following spells:

 Your Spells              Type           Power        Failure   Level  Hunger
a - Sting                 Conj/Pois      ####         1%          1    None
b - Poisonous Vapours     Pois/Air       ####..       1%          2    None
c - Mephitic Cloud        Conj/Pois/Air  ####....     1%          3    #......
d - Venom Bolt            Conj/Pois      #####.....   6%          5    #####..


Dungeon Overview and Level Annotations

Branches:
Dungeon (5/15)             Temple (1/1) D:4

Altars:
Ashenzari
Cheibriados
Elyvilon
Nemelex Xobeh
Okawaru
Qazlal
Sif Muna
Trog
Uskayaw
Vehumet
Yredelemnul
The Shining One


Innate Abilities, Weirdness & Mutations

You are very small and have problems with some larger weapons.
You are too small for most types of armour.
You have supernaturally acute eyesight. (SInv)
You are a herbivore.
You cover ground extremely quickly.
You need consume almost no food.


Message History

* * * LOW HITPOINT WARNING * * *
The phantom blinks!
You cannot move.
You cannot move.
Evoke which item? (* to show all) (? for menu, Esc to quit)
Aiming: Confuse (will waste charges)
Press: ? - help, Shift-Dir - straight line, f/p - phantom
Aim: a phantom (moderately damaged, chance to defeat MR: 28%)
The phantom appears confused.
Evoking this partially-identified wand wasted a few charges.
Your transformation is almost over.
You start resting.
You feel less wooden.
Your +0 robe unmelds from your body.
Your extra speed is starting to run out.
You start resting.
You closely miss the phantom.
The phantom is moderately damaged.
The phantom hits you.
You die...

#########
#.......#
#.#####.#
####.#####.####
#.............#
#..#.##.##.##.#
#..#.#...#.#
#######
#..#.......#
.......
#..#.#...###
####..
#..W@...## #.#
#.......# #.#
#.##.##.# #.#
#.##..#.#
......
#.###.#.#
.#####
#.###.#.# #
#.......# #
#####.### #
#...# #.#####
#.#.#####
#......
#.......#
#######


You could see a phantom.

Vanquished Creatures
  2 scorpions
  A water moccasin skeleton (D:5)
  2 hounds
  A bullfrog skeleton (D:5)
  An orc priest (D:4)
  Natasha (thrice) (D:2)
  7 worker ants
  5 adders
  An ooze (D:3)
  An adder skeleton (D:5)
  5 worms
  A dart slug (D:1)
  A leopard gecko (D:3)
  4 orcs
  2 ball pythons
  8 bats
  2 giant cockroaches
  8 goblins
  7 hobgoblins
  3 jackals (D:2)
  A quokka (D:2)
  6 frilled lizards
  9 kobolds
  8 rats
89 creatures vanquished.

Notes
Turn   | Place    | Note
-------+----------+-------------------------------------------
     0 | D:1      | hilaritas the Spriggan Venom Mage began the quest for the Orb.
     0 | D:1      | Reached XP level 1. HP: 9/9 MP: 5/5
   493 | D:1      | Reached XP level 2. HP: 13/13 MP: 4/6
   497 | D:1      | Learned a level 2 spell: Poisonous Vapours
   634 | D:1      | Reached skill level 1 in Conjurations
  1217 | D:1      | Reached XP level 3. HP: 16/16 MP: 6/8
  1331 | D:2      | Reached skill level 3 in Spellcasting
  1345 | D:2      | Learned a level 3 spell: Mephitic Cloud
  1814 | D:2      | Noticed Natasha
  1826 | D:2      | Killed Natasha
  1922 | D:2      | Reached XP level 4. HP: 18/21 MP: 8/10
  2068 | D:2      | Noticed Natasha
  2072 | D:2      | Killed Natasha
  2276 | D:2      | Noticed Natasha
  2287 | D:2      | Killed Natasha
  2568 | D:2      | Reached XP level 5. HP: 24/24 MP: 9/11
  2807 | D:3      | Reached skill level 4 in Spellcasting
  2875 | D:3      | Learned a level 5 spell: Venom Bolt
  3767 | D:3      | Reached XP level 6. HP: 12/28 MP: 4/14
  4006 | D:4      | Found a staircase to the Ecumenical Temple.
  4032 | Temple   | Entered the Ecumenical Temple
  4045 | Temple   | Became a worshipper of Vehumet
  4528 | D:4      | Reached skill level 1 in Short Blades
  4528 | D:4      | Reached skill level 5 in Spellcasting
  4824 | D:4      | Reached skill level 1 in Air Magic
  5226 | D:5      | Entered Level 5 of the Dungeon
  5663 | D:5      | Reached XP level 7. HP: 9/32 MP: 16/16
  6084 | D:5      | Reached skill level 6 in Spellcasting
  6389 | D:5      | HP: 1/48 [phantom (6)]
  6416 | D:5      | Slain by a phantom

Skill      XL: |  1  2  3  4  5  6  7 |
---------------+----------------------+-----
Conjurations   | 1 2 |  2.9
Spellcasting   | 3 4 5 6 |  6.0
Poison Magic   | 4 |  4.9
Short Blades   | 1 |  1.0
Air Magic      | 1 |  1.5
Fighting       | |  0.8
Dodging        | |  3.0
Stealth        | |  3.7

Action                   |  1- 3 |  4- 6 |  7- 9 || total
-------------------------+-------+-------+-------++-------
Melee: Unarmed           |     2 |       |       ||     2
       Dagger            |    36 |    71 |    93 ||   200
 Cast: Sting             |    88 |    95 |    11 ||   194
       Poisonous Vapours |       |    34 |     4 ||    38
Evoke: Wand              |       |       |     1 ||     1
  Use: Scroll            |       |     7 |       ||     7
       Potion            |       |       |     4 ||     4
 Stab: Sleeping          |       |     1 |       ||     1
  Eat: Bread ration      |       |     1 |       ||     1
Armor: Robe              |     5 |     2 |     2 ||     9
       Skin              |       |       |     5 ||     5
Dodge: Dodged            |    44 |    54 |    25 ||   123
Block: Other             |       |     6 |    14 ||    20
